Map: Cosmic Sapphire

Players

ILovePoosee

  • Race: Terran Terran
  • League: Diamond
  • Spawn Location: 11:00

DankCraft - Winner!

  • Race: Protoss Protoss
  • League: Diamond
  • Spawn Location: 5:00

VOD

Have the link to the VOD?

Description

Time

  • Played on: Dec. 15, 2022, 6:36 p.m.
  • Length: 11:15
Show
View Real Time Build Order
Export as new Build Order

ILovePoosee Terran 

Build Orders:  

Get SALT Encoding   

  12  0:00  SCV  
  13  0:12  SCV  
  14  0:17  Supply Depot  
  14  0:24  SCV  
  15  0:39  SCV  
  15  0:40  Barracks  
  16  0:45  Refinery  
  16  0:51  SCV  
  17  1:03  SCV  
  18  1:15  SCV  
  15  2:21  Supply Depot  
  16  2:23  Barracks  
  16  2:27  Reaper  
  16  2:32  SCV  
  16  2:36  Barracks  
  17  2:47  Supply Depot  
  17  2:49  SCV  
  18  3:08  Bunker  
  18  3:11  Marine x2  
  20  3:28  Marine  
  20  3:33  SCV  
  22  3:34  Marine x2  
  24  3:46  SCV, Marine  
  25  3:52  Marine x2  
  25  3:55  Factory  
  27  4:04  Marine  
  28  4:12  SCV  
  28  4:24  SCV, Barracks Tech Lab  
  28  4:25  Barracks Tech Lab  
  28  4:28  Marine  
  28  4:45  Marine  
  28  4:50  Factory Tech Lab  
  27  5:04  Siege Tank  
  27  5:05  Marine x2  
  27  5:06  Bunker  
  31  5:08  Refinery  
  31  5:11  SCV  
  31  5:18  Stimpack  
  30  5:35  Marine x2  
  30  5:43  Marine  
  30  5:46  Hellion  
  33  5:58  Starport  
  30  6:19  Marine x2  
  36  6:27  Cyclone, SCV  
  36  6:32  Barracks Tech Lab  
  36  6:39  SCV  
  37  6:40  Supply Depot  
  37  6:44  Barracks Reactor  
  37  6:52  SCV  
  38  6:58  Supply Depot  
  38  7:02  Medivac  
  38  7:05  SCV  
  41  7:12  Marine  
  41  7:14  Combat Shield  
  42  7:18  Marine  
  43  7:28  SCV  
  44  7:33  Marauder  
  46  7:38  Marine  
  47  7:47  Supply Depot  
  47  7:55  Cyclone  
  50  8:03  Medivac  
  52  8:11  Orbital Command  
  52  8:24  Marine x2  
  52  8:25  Marine  
  53  8:44  Marauder x2  
  53  8:45  Marine  
  58  8:49  Marine  
  56  8:57  Liberator  
  59  9:06  Marauder  
  50  9:19  Marine  
  50  9:20  Marauder  
  53  9:27  Marauder  
  55  9:48  Marine x3  
  55  9:49  Marauder  
  58  10:05  Marine  
Show
View Real Time Build Order
Export as new Build Order

DankCraft Protoss - Winner!

Build Orders:  

Get SALT Encoding   

  12  0:01  Probe  
  13  0:14  Pylon  
  13  0:17  Probe  
  14  0:32  Assimilator  
  14  0:41  Probe (Chrono Boost)  
  15  0:52  Probe (Chrono Boost)  
  15  0:53  Gateway  
  16  1:05  Probe (Chrono Boost)  
  17  1:16  Probe (Chrono Boost)  
  18  1:30  Probe  
  19  1:53  Probe  
  13  2:05  Probe (Chrono Boost)  
  11  2:14  Cybernetics Core  
  11  2:16  Probe (Chrono Boost)  
  11  2:21  Probe (Chrono Boost)  
  11  2:22  Assimilator  
  12  2:31  Probe  
  13  2:44  Probe  
  14  2:50  Shield Battery  
  14  2:56  Probe  
  15  3:08  Stalker, Probe  
  18  3:33  Pylon  
  17  3:36  Probe  
  17  3:38  Stalker  
  20  3:48  Probe  
  21  3:56  Assimilator  
  21  4:00  Probe  
  22  4:10  Stalker  
  24  4:37  Nexus  
  24  4:47  Stalker  
  26  5:15  Probe  
  27  5:27  Probe  
  28  5:39  Probe  
  29  5:46  Pylon  
  29  5:49  Gateway  
  29  5:52  Gateway  
  29  5:55  Twilight Council, Probe x2  
  31  6:07  Probe x2  
  33  6:20  Probe x2 (Chrono Boost)  
  35  6:27  Pylon  
  35  6:30  Pylon, Probe x2 (Chrono Boost)  
  37  6:33  Warp Gate, Blink (Chrono Boost)  
  37  6:38  Probe x2 (Chrono Boost)  
  39  6:43  Gateway  
  39  6:46  Probe x2  
  40  6:53  Assimilator  
  41  6:56  Stalker  
  43  7:02  Stalker  
  45  7:09  Shield Battery  
  45  7:21  Stalker  
  47  7:26  Stalker  
  47  7:28  Pylon  
  49  7:31  Pylon  
  49  7:32  Stalker  
  49  7:33  Stalker  
  49  7:36  Probe x2  
  55  7:43  Assimilator  
  55  7:55  Probe x2  
  57  7:59  Robotics Facility  
  55  8:24  Stalker x4  
  62  8:54  Stalker x4  
  64  9:22  Stalker x4  
  72  9:36  Immortal  
  76  9:38  Gateway  
  76  9:40  Gateway  
  76  9:43  Pylon  
  76  9:45  Stalker x3  
Tags
 
Add a new tag
Caveats
  • Supply blocks, unpowered buildings, or Contaminate may cause inaccurate times.
  • Supply counts are checked every 10 seconds.